 Dungeon Crawl Stone Soup version 0.28-a0-1147-gc7b72d3202 (webtiles) character file.

Game seed: 535753127759036289

39 ChaosChampion the Conjurer (level 3, -13/19 HPs)
             Began as a Deep Elf Conjurer on Dec 14, 2021.
             Mangled by Crazy Yiuf (14 damage)
             ... on level 2 of the Dungeon.
             The game lasted 00:01:23 (1706 turns).

ChaosChampion the Conjurer (Deep Elf Conjurer)      Turns: 1706, Time: 00:01:23

Health: -13/19     AC:  5    Str:  4    XL:     3   Next: 26%
Magic:  2/10       EV: 12    Int: 24    God:
Gold:   103        SH:  0    Dex: 13    Spells: 7/10 levels left

rFire   . . .      SeeInvis .   (no weapon)
rCold   . . .      Faith    .   (no shield)
rNeg    . . .      Spirit   .   a - +0 robe
rPois   .          Reflect  .   (no helmet)
rElec   .          Harm     .   (no cloak)
rCorr   .          Rampage  .   (no gloves)
Will    .....                   h - +2 pair of boots
Stlth   ++........              (no amulet)
HPRegen 0.06/turn               (no ring)
MPRegen 0.12/turn               (no ring)

@: no status effects
A: no striking features
a: no special abilities


You were on level 2 of the Dungeon.
You visited 1 branch of the dungeon, and saw 2 of its levels.

You collected 103 gold pieces.

Inventory:

Armour
 a - a +0 robe (worn)
 h - a +2 pair of boots (worn)
Jewellery
 k - an amulet of faith
Scrolls
 b - a scroll of brand weapon {unknown}
 c - a scroll of enchant weapon {unknown}
 i - a scroll of enchant armour {unknown}
Potions
 d - a potion of flight {unknown}
 e - a potion of attraction {unknown}
 f - a potion of lignification {unknown}
 g - a potion of ambrosia {unknown}
 j - a potion of degeneration {unknown}


   Skills:
 - Level 2.4 Dodging
 + Level 3.1 Stealth
 * Level 4.2 Spellcasting
 + Level 4.7 Conjurations


You had 7 spell levels left.
You knew the following spells:

 Your Spells              Type           Power      Damage    Failure   Level
a - Magic Dart            Conj           100%       1d8       1%          1
b - Searing Ray           Conj           56%        2d6       1%          2

Your spell library contained the following spells:

 Spells                   Type           Power      Damage    Failure   Level
 Dazzling Flash           Conj/Hex       32%        N/A       11%         3
 Fulminant Prism          Conj/Hex       8%         3d7       34%         4
 Iskenderun's Mystic Bla  Conj/Tloc      16%        2d5       34%         4


Dungeon Overview and Level Annotations

Branches:
Dungeon (2/15)

Altars:

Annotations:
D:2 Crazy Yiuf


Message History

Crazy Yiuf shouts!
You open the door.
Casting: Magic Dart (safe; 1% risk of failure)
Confirm with . or Enter, or press ? or * to list all spells.
Aiming: Searing Ray (safe; 1% risk of failure)
Press: ? - help, Shift-Dir - straight line, f - Crazy Yiuf
Aim: Crazy Yiuf, wielding a +2 quarterstaff of chaos and wearing a +0 cloak (82% to hit)
The searing ray hits Crazy Yiuf.
Crazy Yiuf is moderately wounded. (Press . to maintain the ray.)
The searing ray hits Crazy Yiuf!
Crazy Yiuf is severely wounded.
Crazy Yiuf drinks a potion.
Crazy Yiuf is healed!
The searing ray hits Crazy Yiuf.
Crazy Yiuf is moderately wounded.
Crazy Yiuf hits you with a +2 quarterstaff of chaos!
Ouch! That really hurt!
* * * LOW HITPOINT WARNING * * *
Crazy Yiuf burns you.
* * * LOW HITPOINT WARNING * * *
Casting: Searing Ray (safe; 1% risk of failure)
Confirm with . or Enter, or press ? or * to list all spells.
Restarting spell: Searing Ray (safe; 1% risk of failure)
Press: ? - help, Shift-Dir - straight line, f/p - Crazy Yiuf
Aim: Crazy Yiuf, wielding a +2 quarterstaff of chaos and wearing a +0 cloak (moderately wounded, 82% to hit)
The searing ray misses Crazy Yiuf. (Press . to maintain the ray.) Crazy Yiuf closely misses you.
Okay, then.
Casting: Searing Ray (safe; 1% risk of failure)
Confirm with . or Enter, or press ? or * to list all spells.
Restarting spell: Searing Ray (safe; 1% risk of failure)
Press: ? - help, Shift-Dir - straight line, f/p - Crazy Yiuf
Aim: Crazy Yiuf, wielding a +2 quarterstaff of chaos and wearing a +0 cloak (moderately wounded, 82% to hit)
The searing ray hits Crazy Yiuf.
Crazy Yiuf is heavily wounded. (Press . to maintain the ray.) Crazy Yiuf hits you with a +2 quarterstaff of chaos!
Ouch! That really hurt!
You die...

### ♣♣####
#)..#♣♣ ♣♣..#.##
#...g@♣♣♣♣......#
#...#♣..♣.......#
### ♣♣♣.♣...#..#
♣♣♣♣♣##.## #.#
###########
####.######
#.........#
#....(....#
#.........#
#.........#
#.........#
#.......).##


You could see Crazy Yiuf.

Vanquished Creatures
  5 endoplasms
  3 giant cockroaches
  A goblin (D:2)
  5 hobgoblins (D:1)
  3 jackals (D:1)
  4 quokkas
  2 ball pythons (D:1)
  3 bats
  2 frilled lizards
  3 kobolds
  A rat (D:1)
32 creatures vanquished.

Notes
Turn   | Place    | Note
-------+----------+-------------------------------------------
     0 | D:1      | ChaosChampion the Deep Elf Conjurer began the quest for the
                  | Orb.
     0 | D:1      | Reached XP level 1. HP: 10/10 MP: 6/6
   283 | D:1      | Found a faded altar of an unknown god.
   300 | D:1      | Reached XP level 2. HP: 15/15 MP: 3/8
   305 | D:1      | Learned a level 2 spell: Searing Ray
  1220 | D:2      | Reached XP level 3. HP: 17/19 MP: 6/10
  1524 | D:2      | Found a runed translucent door.
  1525 | D:2      | Noticed Crazy Yiuf
  1706 | D:2      | Mangled by Crazy Yiuf

Illustrated notes

Levels and vault maps discovered:
D:1:      minmay_arrival_doors, layout_loops_ring,
          hellmonk_ecumenical_altar_arch_garden, nrook_mini_backslash,
          serial_park_tiny_1, hex_medium
D:2:      layout_rooms, uniq_crazy_yiuf_cottage

Skill      XL: |  1  2 |
---------------+-------+-----
Stealth        | 3 |  3.1
Spellcasting   | 4 |  4.2
Dodging        | |  2.4
Conjurations   | |  4.7

Action                   || total
-------------------------++-------
Melee: Unarmed           ||     2
 Cast: Magic Dart        ||    56
       Searing Ray       ||     4
Armor: Robe              ||     1
Dodge: Dodged            ||     6

Table legend: (Time is in decaauts)
 A = Elapsed time spent in this place.
 B = Non-inter-level travel time spent in this place.
 C = Inter-level travel time spent in this place.
 D = Time resting spent in this place.
 E = Time spent auto-exploring this place.
 F = Levels seen in this place.
 G = Mean time per level.
                   A        B        C        D        E       F      G
               +--------+--------+--------+--------+--------+-----+--------+
         Total |   1705 |   1638 |     67 |      7 |   1497 |   2 |  852.5 |
       Dungeon |   1705 |   1638 |     67 |      7 |   1497 |   2 |  852.5 |
               +--------+--------+--------+--------+--------+-----+--------+

Top non-repeatable levels by time:
     D:1: 1217 daAuts
     D:2: 488 daAuts
